 Dungeon Crawl Stone Soup version 0.29.1-2-gbd0b4ee654 (webtiles) character file.

Game seed: 12929160516372645030

50 Rigoremortis the Trooper (level 3, -11/29 HPs)
             Began as a Demonspawn Berserker on Nov 10, 2022.
             Was a Believer of Trog.
             Killed by nerve-wracking pain
             ... invoked by a shadow imp
             ... summoned by Natasha
              (14 damage)
             ... on level 2 of the Dungeon.
             The game lasted 00:22:27 (2222 turns).

Rigoremortis the Trooper (Demonspawn Berserker)     Turns: 2222, Time: 00:22:29

Health: -11/29     AC:  6    Str: 19    XL:     3   Next: 55%
Magic:  3/3        EV: 11    Int:  8    God:    Trog [**....]
Gold:   39         SH:  0    Dex: 12    Spells: 2/2 levels left

rFire   . . .      SeeInvis .   d - +0 mace
rCold   . . .      Faith    .   (no shield)
rNeg    . . .      Spirit   .   g - +1 ring mail
rPois   .          Reflect  .   (no helmet)
rElec   .          Harm     .   (no cloak)
rCorr   .          Rampage  .   (no gloves)
Will    .....                   (no boots)
Stlth   +.........              (no amulet)
HPRegen 0.09/turn               (no ring)
MPRegen 0.08/turn               (no ring)

@: slowed, very slow
A: demonic touch 1
a: Renounce Religion, Berserk, Trog's Hand


You were on level 2 of the Dungeon.
You worshipped Trog.
Trog was pleased with you.
You visited 1 branch of the dungeon, and saw 2 of its levels.

You collected 39 gold pieces.

Inventory:

Hand Weapons
 a - a +0 flail
 d - a +0 mace (weapon)
Armour
 g - a +1 ring mail (worn)
Jewellery
 b - a ring of ice


   Skills:
 + Level 3.4 Fighting
 + Level 3.1 Long Blades
 + Level 0.7 Maces & Flails
 + Level 1.9 Armour
 + Level 2.3 Dodging
 + Level 0.2 Stealth


You had 2 spell levels left.
You didn't know any spells.
Your spell library contained the following spells:

 Spells                   Type           Power      Damage    Failure   Level
 Ensorcelled Hibernation  Hex/Ice        0%         N/A       75%         2
 Spider Form              Tmut/Pois      0%         N/A       92%         3
 Anguish                  Hex/Necr       0%         N/A       100%        4


Dungeon Overview and Level Annotations

Branches:
Dungeon (2/15)

Altars:

Shops:
D:2 :=

Annotations:
D:2 Natasha


Innate Abilities, Weirdness & Mutations

Your touch may inflict minor irresistible damage on your foes.


Message History

Found a scroll labelled TUILYMNATEC.
Natasha, Servant of Life and Death comes into view.
Natasha hisses angrily.
The rat bites you but does no damage. The rat attacks as you move away!
The rat bites you but does no damage.
Natasha wildly gestures.
You feel troubled.
Natasha stares at you and mumbles some strange words.
You feel yourself slow down. The rat bites you but does no damage.
You barely miss the rat. The rat closely misses you.
Natasha casts a spell at you. The magic dart hits you. The rat bites you.
You hit the rat.
You kill the rat!
Trog accepts your kill. Natasha completely misses you.
Natasha casts a spell.
You sock Natasha! Your touch misses Natasha.
Natasha is heavily wounded.
Natasha closely misses you. Natasha claws you but does no damage.
The shadow imp closely misses you.
You hit the shadow imp but do no damage.
Natasha claws you but does no damage. The shadow imp hits you.
Natasha barely misses you. The shadow imp hits you. Natasha claws you.
You closely miss the shadow imp. The shadow imp hits you. Natasha claws you.
* * * LOW HITPOINT WARNING * * *
The shadow imp hits you but does no damage.
Natasha closely misses you.
You hit the shadow imp but do no damage.
The shadow imp barely misses you. Natasha barely misses you.
The shadow imp hits you.
* * * LOW HITPOINT WARNING * * *
Natasha barely misses you.
As you read the scroll labelled NUTAMP UTIRI, it crumbles to dust.
It is a scroll of enchant armour.
Your +0 ring mail glows green for a moment.
The shadow imp gestures at you. Pain shoots through your body!
You die...

###### ###### #....# ##
#.....########....# #.
#...........##....#####.
#...........##..........
............##....#####.
......h@..............>.
.......5....###.#.##....
............##....##....
...
...#######........##....
..#### .........####.# .
#.#.. ..........# #. .
#.#.# ...#.##?.... ..
#.#.# ##.##.# ...#####.#
..####.#.# ....


You could see Natasha and a shadow imp (summoned).

Vanquished Creatures
  An adder (D:2)
  A dart slug (D:2)
  2 ball pythons (D:1)
  5 bats
  3 endoplasms (D:1)
  3 giant cockroaches
  2 goblins (D:1)
  4 hobgoblins
  2 quokkas (D:1)
  5 frilled lizards
  3 kobolds
  6 rats
37 creatures vanquished.

Notes
Turn   | Place    | Note
-------+----------+-------------------------------------------
     0 | D:1      | Rigoremortis the Demonspawn Berserker began the quest for
                  | the Orb.
     0 | D:1      | Reached XP level 1. HP: 18/18 MP: 1/1
   275 | D:1      | Gained mutation: Your touch may inflict minor irresistible
                  | damage on your foes. [demonic ancestry]
   275 | D:1      | Reached XP level 2. HP: 18/24 MP: 2/2
   411 | D:1      | Found a faded altar of an unknown god.
  1593 | D:2      | Found Xim Pyimueru's Book Shoppe.
  1622 | D:2      | Found Vekarphu's Jewellery Shoppe.
  1650 | D:2      | Reached ** piety under Trog
  1651 | D:2      | Reached XP level 3. HP: 9/29 MP: 3/3
  2213 | D:2      | Noticed Natasha
  2222 | D:2      | Killed from afar by a shadow imp

Illustrated notes

Levels and vault maps discovered:
D:1:      scummos_arrival_hexagon, layout_basic,
          hellmonk_ecumenical_altar_inner_sanctum, minmay_tromino_i2
D:2:      layout_basic, basic_altar, serial_shops, nicolae_shop_trees,
          nicolae_shop_behind_doors, nicolae_shop_hallway_stairs, shop,
          shop_statue, minmay_close_crescents, uniq_natasha

Skill      XL: |  1  2 |
---------------+-------+-----
Long Blades    | 3 |  3.1
Dodging        | 2 |  2.3
Fighting       | |  3.4
Maces & Flails | |  0.7
Armour         | |  1.9
Stealth        | |  0.2

Action                   || total
-------------------------++-------
Melee: Falchion          ||    15
       Mace              ||    76
       Touch             ||     6
  Use: Potion            ||     5
       Scroll            ||     2
 Stab: Sleeping          ||     1
Armor: Animal skin       ||     4
       Leather armour    ||    15
       Ring mail         ||    12
Dodge: Dodged            ||    78
